 Dungeon Crawl Stone Soup version 0.17.1-3-g152610e (webtiles) character file.

53 Gargoyl the Skirmisher (level 3, -2/29 HPs)
             Began as a Demonspawn Abyssal Knight on Mar 27, 2016.
             Was a Follower of Lugonu.
             Killed from afar by an orc wizard (5 damage)
             ... with a magic dart
             ... on level 1 of the Dungeon.
             The game lasted 00:01:59 (1395 turns).

Gargoyl the Skirmisher (Demonspawn Abyssal Knight)  Turns: 1395, Time: 00:02:00

Health: -2/29      AC:  3    Str:  9 (13) XL:     3   Next: 64%
Magic:  3/5        EV: 11    Int: 13      God:    Lugonu [*.....]
Gold:   57         SH:  0    Dex: 12      Spells: 0 memorised, 2 levels left

rFire  . . .     SeeInvis .     a - +1 hand axe
rCold  . . .     Clarity  .     b - +0 leather armour
rNeg   . . .     SustAt   .     (no shield)
rPois  .         Gourm    .     (no helmet)
rElec  .         Spirit   .     (no cloak)
rCorr  .         Warding  .     (no gloves)
rMut   .         Stasis   .     (no boots)
MR     .....                    (no amulet)
Stlth  +.........               (no ring)
                                (no ring)

@: not resistant to hostile enchantments, very unstealthy
A: claws 1, rot immunity
a: Depart the Abyss, Renounce Religion


You were on level 1 of the Dungeon.
You worshipped Lugonu.
Lugonu was aware of your devotion.
You were hungry.

You visited 1 branch of the dungeon, and saw 1 of its levels.
You visited the Abyss 1 time.

You collected 57 gold pieces.

Inventory:

Hand Weapons
 a - a +1 hand axe (weapon)
Armour
 b - a +0 leather armour (worn)
Scrolls
 d - 2 scrolls of remove curse {unknown}
 e - a scroll of teleportation {unknown}
 g - 4 scrolls of identify {unknown}
 i - a scroll of blinking {unknown}
 j - 2 scrolls of enchant armour {unknown}
 l - a scroll of enchant weapon {unknown}
 m - a scroll of recharging {unknown}
 n - a scroll of immolation {unknown}
 o - a scroll of amnesia {unknown}
Potions
 k - a potion of heal wounds {unknown}
Comestibles
 c - a bread ration
 f - 2 meat rations


   Skills:
 + Level 3.4 Fighting
 + Level 2.4 Axes
 + Level 2.2 Armour
 + Level 1.6 Dodging
 + Level 2.7 Invocations


You had 2 spell levels left.
You didn't know any spells.

Dungeon Overview and Level Annotations

Branches:
Dungeon (1/15)

Altars:


Innate Abilities, Weirdness & Mutations

You have sharp fingernails.
You are immune to rotting.


Message History

You hit the orc wizard.
The orc wizard is moderately wounded.
The orc wizard closely misses you.
You barely miss the orc wizard.
The orc wizard is moderately wounded.
The orc wizard closely misses you. x2
You hit the orc wizard.
The orc wizard is heavily wounded.
The orc wizard hits you but does no damage.
The orc wizard casts a spell at you. The magic dart hits you!
* * * LOW HITPOINT WARNING * * *
Drink which item? (? for menu, Esc to quit)
It was a potion of degeneration.
There was something very wrong with that liquid.
You feel weakened.
The orc wizard hits you but does no damage.
The orc wizard casts a spell at you. The magic dart hits you!
You die...

...................+...'##.##.++.
...........##.######...##.##..##.
.......#.####............##...##.
.....###.#..............##.......
.........#...........##....##....
.....................##....##....
...................##....##....
#......######.................
#...........)@######.#########
#....(......o......#.#........
####..........####.#.#.####.##
#######..........#....#.#....#.#.
.................#.####.####.#.#.
.................#...........#.#.
.................#############.##
.................................
...........##....................


You could see an orc wizard.

Vanquished Creatures
  An orc wizard (D:1)
  An orc (D:1)
  3 bats (D:1)
  3 goblins (D:1)
  3 hobgoblins (D:1)
  4 jackals (D:1)
  A giant cockroach (D:1)
  2 giant newts (D:1)
  4 kobolds (D:1)
  A rat (D:1)
23 creatures vanquished.

Notes
Turn   | Place    | Note
--------------------------------------------------------------
     0 | Abyss:1  | Gargoyl the Demonspawn Abyssal Knight began the quest for the Orb.
     0 | Abyss:1  | Reached XP level 1. HP: 18/18 MP: 2/2
    15 | Abyss:1  | Noticed a large abomination
    37 | Abyss:1  | Noticed an iron dragon skeleton
    44 | Abyss:1  | Noticed a freezing wraith
    50 | D:1      | Escaped the Abyss
    90 | D:1      | Reached * piety under Lugonu
   291 | D:1      | Reached skill level 1 in Dodging
   294 | D:1      | Gained mutation: You have sharp fingernails. [demonic ancestry]
   294 | D:1      | Reached XP level 2. HP: 17/24 MP: 3/3
  1389 | D:1      | Gained mutation: You are immune to rotting. [demonic ancestry]
  1389 | D:1      | Reached XP level 3. HP: 9/29 MP: 3/5
  1395 | D:1      | Killed from afar by an orc wizard

Action                   || total
-------------------------++-------
Melee: Hand axe          ||    70
Invok: Depart the Abyss  ||     1
  Use: Potion            ||     1
  Eat: Chunk             ||     1
